 Dungeon Crawl Stone Soup version 0.30.1-11-g7821555f0a (webtiles) character file.

Game seed: 7348335788358045807

108 Groucho the Shooter (level 4, -1/23 HPs)
             Began as a Spriggan Hunter on Jan 7, 2024.
             Was an Initiate of Qazlal.
             Killed from afar by an orc wizard (11 damage)
             ... with a puff of flame
             ... on level 3 of the Dungeon.
             The game lasted 00:02:06 (1619 turns).

Groucho the Shooter (Spriggan Hunter)               Turns: 1619, Time: 00:02:07

Health: -1/23      AC:  2    Str:  7    XL:     4   Next: 58%
Magic:  5/5        EV: 18    Int: 12    God:    Qazlal [......]
Gold:   165        SH:  0    Dex: 18    Spells: 3/3 levels left

rFire   . . .        a - +0 shortbow
rCold   . . .        (shield currently unavailable)
rNeg    . . .        c - +0 robe
rPois   .            (helmet restricted)
rElec   .            (no cloak)
rCorr   .            (gloves unavailable)
SInv    +            (boots unavailable)
Will    .....        (no amulet)
Stlth   ++           (no ring)
HPRegen 0.23/turn    (no ring)
MPRegen 0.09/turn

%: no passive effects
@: very quick
A: very small, no large weapons, unfitting armour, see invisible, speed 3
a: Renounce Religion


You were on level 3 of the Dungeon.
You worshipped Qazlal.
Qazlal was noncommittal.
You visited 1 branch of the dungeon, and saw 3 of its levels.

You collected 165 gold pieces.

Inventory:

Hand Weapons
 a - a +0 shortbow (weapon)
Armour
 c - a +0 robe (worn)
Jewellery
 h - a +6 ring of strength
 j - an amulet of regeneration
Wands
 t - a wand of acid (8)
Scrolls
 b - 3 scrolls of immolation
 d - 5 scrolls of identify {unknown}
 f - a scroll of torment {unknown}
 g - 2 scrolls of fog {unknown}
 l - a scroll of amnesia {unknown}
 o - 2 scrolls of fear {unknown}
 r - 2 scrolls of teleportation {unknown}
 s - a scroll of poison {unknown}
 y - a scroll of magic mapping {unknown}
Potions
 e - a potion of heal wounds {unknown}
 i - a potion of haste {unknown}
 k - 2 potions of mutation {unknown}
 m - a potion of experience {unknown}
 n - a potion of brilliance {unknown}
 p - a potion of berserk rage {unknown}
 q - a potion of degeneration {unknown}
 u - a potion of invisibility {unknown}
 v - a potion of might {unknown}
 w - a potion of lignification {unknown}
 x - a potion of attraction {unknown}


   Skills:
 + Level 2.8 Fighting
 + Level 4.9 Ranged Weapons
 - Level 3.0 Dodging
 - Level 2.0 Stealth
 + Level 0.8 Invocations


You had 3 spell levels left.
You didn't know any spells.
Your spell library contained the following spells:

 Spells                   Type           Power      Damage    Failure   Level
 Blink                    Tloc           0%         N/A       45%         2
 Lesser Beckoning         Tloc           0%         N/A       45%         2
 Momentum Strike          Conj/Tloc      0%         3d8       45%         2


Dungeon Overview and Level Annotations

Branches:
Dungeon (3/15)

Altars:
Cheibriados
Qazlal
Trog
Yredelemnul


Innate Abilities, Weirdness & Mutations

You are very small and have problems with some larger weapons.
You are too small for most types of armour.
You have supernaturally acute eyesight. (SInv)
You cover ground extremely quickly. (Speed+++)


Message History

You shoot an arrow. The arrow barely misses the orc.
The arrow hits the orc wizard.
The orc wizard is almost dead.
The orc closely misses you.
You shoot an arrow. The arrow hits the orc.
You kill the orc!
Qazlal accepts your kill.
You shoot an arrow. The arrow hits the orc wizard!
You kill the orc wizard!
Qazlal accepts your kill.
The orc wizard gestures at you while chanting.
The magic dart hits you.
You shoot an arrow.
The arrow completely misses the orc wizard.
The arrow barely misses the orc.
The orc wizard misses you.
You shoot an arrow. The arrow barely misses the orc wizard.
The arrow hits the orc.
The orc is lightly wounded.
The orc wizard misses you.
You shoot an arrow.
The arrow closely misses the orc wizard.
The arrow hits the orc but does no damage.
The orc is lightly wounded.
The orc wizard misses you.
You shoot an arrow. The arrow hits the orc wizard!
The orc wizard is severely wounded.
The orc wizard casts a spell at you. The magic dart hits you.
The orc wizard closely misses you.
You are too injured to fight recklessly!
You are too injured to fight recklessly!
You are too injured to fight recklessly!
You are too injured to fight recklessly!
Fire: a) +0 shortbow
Press: ? - help, Q - select action, (/) - cycle Shift-Dir - straight line, f/p - orc wizard
Aim: an orc wizard, wielding a +0 dagger and wearing a +0 robe (severely wounded, 58% to hit)
You shoot an arrow. The arrow hits the orc wizard.
The orc wizard is severely wounded.
The orc wizard points at you and mumbles some strange words.
The puff of flame hits you!
You die...

.. #. .. #.## #.
#####...### #o
#.....†... #.
#.##....#
#.##.##...####
#oo@..........
####.##.>.##
#......#
####.#.#####.#
#.........#
###.####### ###
#.###.## ##.##
###.##.#.##
##.#.##
###.....###.####


You could see an orc wizard and an orc.

Vanquished Creatures
  An orc wizard (D:3)
  4 adders
  2 worms (D:2)
  A dart slug (D:3)
  2 orcs (D:3)
  4 endoplasms (D:1)
  A giant cockroach (D:1)
  4 hobgoblins
  2 jackals (D:2)
  4 ball pythons
  6 bats
  3 frilled lizards
  4 kobolds
  A rat (D:1)
39 creatures vanquished.

Notes
Turn   | Place    | Note
-------+----------+-------------------------------------------
     0 | D:1      | Groucho the Spriggan Hunter began the quest for the Orb.
     0 | D:1      | Reached XP level 1. HP: 10/10 MP: 2/2
   156 | D:1      | Reached XP level 2. HP: 15/15 MP: 3/3
   609 | D:2      | Reached XP level 3. HP: 18/18 MP: 4/4
  1226 | D:3      | Found a stormy altar of Qazlal.
  1239 | D:3      | Reached XP level 4. HP: 23/23 MP: 5/5
  1245 | D:3      | Became a worshipper of Qazlal Stormbringer
  1259 | D:3      | Found a basalt altar of Yredelemnul.
  1323 | D:3      | Found a bloodstained altar of Trog.
  1340 | D:3      | Found a snail-covered altar of Cheibriados.
  1619 | D:3      | Killed from afar by an orc wizard

Illustrated notes

Levels and vault maps discovered:
D:1:      dpeg_arrival_water_temple_mockup, layout_rooms
D:2:      layout_basic, st_stairs_3, minivault_27
D:3:      layout_loops_corners, nicolae_overflow_quartered_altars,
          kennysheep_cross_room, uniq_ijyb

Skill      XL: |  1  2 |
---------------+-------+-----
Stealth        | 2 |  2.0
Dodging        | 3 |  3.0
Fighting       | 2 |  2.8
Ranged Weapons | |  4.9
Invocations    | |  0.8

Action                     |  1- 3 |  4- 6 || total
---------------------------+-------+-------++-------
   Fire: Shortbow          |    91 |    26 ||   117
 Armour: Robe              |     2 |       ||     2
  Dodge: Dodged            |    38 |    10 ||    48
